 Dungeon Crawl Stone Soup version 0.28.0-43-g3370ac3207 (webtiles) character file.

Game seed: 15467928836101868461

2897 Pemander the Covert (level 9, -15/63 HPs)
             Began as a Felid Enchanter on Mar 18, 2022.
             Was a Priest of Dithmenos.
             Demolished by an entropy weaver simulacrum (32 damage)
             ... in an ice cave.
             The game lasted 00:27:05 (12780 turns).

Pemander the Covert (Felid Enchanter)              Turns: 12780, Time: 00:27:07

Health: -15/63     AC:  2    Str:  4    XL:     9   Next: 49%
Magic:  16/16      EV: 28    Int: 17    God:    Dithmenos [***...]
Gold:   493        SH:  0    Dex: 21    Spells: 5/16 levels left
                                        Lives:  0   Deaths: 3

rFire   + . .      SeeInvis +     - Unarmed
rCold   . . .      Faith    .   (shield unavailable)
rNeg    . . .      Spirit   .   (armour unavailable)
rPois   .          Reflect  .   (helmet unavailable)
rElec   .          Harm     .   (cloak unavailable)
rCorr   .          Rampage  .   (gloves unavailable)
Will    +....                   (boots unavailable)
Stlth   ..........              l - amulet of regeneration
HPRegen 1.00/turn               f - ring of protection from fire
MPRegen 0.15/turn               z - +4 ring of evasion

@: berserking (expiring), wreathed by umbra, very quick
A: very small, claws 1, fangs 3, see invisible, speed 1, shaggy fur 2, stealthy
paws, no weapons or thrown items, no armour, multi-lived
a: Renounce Religion, Shadow Step


You were in an ice cave.
You worshipped Dithmenos.
Dithmenos was most pleased with you.
You visited 2 branches of the dungeon, and saw 12 of its levels.
You also visited: Ice Cave.

You collected 493 gold pieces.

Inventory:

Jewellery
 a - an amulet of magic regeneration
 f - a ring of protection from fire (left paw)
 l - an amulet of regeneration (around neck)
 z - a +4 ring of evasion (right paw)
 D - a ring of wizardry
Wands
 g - a wand of polymorph (5)
 n - a wand of mindburst (22)
 r - a wand of acid (8)
 B - a wand of flame (8)
 E - a wand of iceblast (6)
Scrolls
 c - 9 scrolls of identify
 h - 2 scrolls of fear {unknown}
 j - a scroll of noise {unknown}
 o - 2 scrolls of blinking {unknown}
 t - a scroll of amnesia {unknown}
 u - 2 scrolls of enchant weapon {unknown}
 v - 2 scrolls of holy word {unknown}
 x - a scroll of enchant armour {unknown}
 y - a scroll of summoning {unknown}
 A - a scroll of vulnerability {unknown}
 C - a scroll of immolation {unknown}
Potions
 b - 3 potions of might
 d - a potion of lignification {unknown}
 e - a potion of attraction {unknown}
 i - 3 potions of flight
 k - a potion of magic
 m - a potion of curing
 p - a potion of brilliance
 q - a potion of cancellation
 s - 2 potions of ambrosia {unknown}
 w - a potion of berserk rage


   Skills:
 - Level 6.5 Fighting
 + Level 9.0 Dodging
 - Level 14.3 Stealth
 - Level 10.0 Unarmed Combat
 - Level 4.0 Spellcasting
 - Level 8.3 Hexes


You had 5 spell levels left.
You knew the following spells:

 Your Spells              Type           Power      Damage    Failure   Level
a - Ensorcelled Hibernat  Hex/Ice        34%        N/A       4%          2
b - Confusing Touch       Hex            31%        N/A       1%          3
c - Tukima's Dance        Hex            31%        N/A       1%          3
d - Dazzling Flash        Conj/Hex       34%        N/A       9%          3

Your spell library contained the following spells:

 Spells                   Type           Power      Damage    Failure   Level
 Magic Dart               Conj           12%        1d3       16%         1
 Shock                    Conj/Air       12%        1d3       16%         1
 Searing Ray              Conj           6%         2d4       24%         2
 Fulminant Prism          Conj/Hex       8%         3d7       28%         4
 Ozocubu's Armour         Ice            3%         N/A       43%         3
 Swiftness                Air            3%         N/A       43%         3
 Airstrike                Air            1%         N/A       83%         4
 Blade Hands              Tmut           1%         N/A       99%         5
 Irradiate                Conj/Tmut      1%         3d13      99%         5
 Dragon Form              Tmut           1%         N/A       100%        7
 Ozocubu's Refrigeration  Ice            1%         4d5       100%        7


Dungeon Overview and Level Annotations

Branches:
Dungeon (11/15)            Temple (1/1) D:6             Orc (0/2) D:10
  IceCv (1/1)
   Lair: D:8-11

Altars:
Ashenzari
Cheibriados
Dithmenos
Fedhas
Gozag
Hepliaklqana
Kikubaaqudgha
Makhleb
Nemelex Xobeh
Okawaru
Qazlal
Sif Muna
Trog
Uskayaw
Vehumet
Wu Jian
Xom
Yredelemnul
Zin
The Shining One

Shops:
D:1 *   D:2 *   D:7 [

Annotations:
D:5 3 runed translucent doors, GilGalad's ghost, novice HOFi
D:8 2 transporters, WaxSun's ghost, novice DESu


Innate Abilities, Weirdness & Mutations

You have sharp claws.
You have razor-sharp teeth.
You have supernaturally acute eyesight. (SInv)
You cover ground quickly. (Speed+)
You are covered in thick fur. (AC +2)
Your paws help you pounce on unaware monsters.
You are incapable of wielding weapons or throwing items.
You cannot wear armour.
You gain extra lives every three experience levels.


Message History

You bite the ice statue, but do no damage.
The ice statue is moderately damaged.
The ice statue gestures at you. The bolt of cold hits you!
You scratch the ice statue but do no damage.
The ice statue is moderately damaged.
The ice beast misses you.
You claw the ice statue!
The ice statue is heavily damaged.
You claw the ice statue! You bite the ice statue!
The ice statue is almost destroyed.
The ice beast misses you.
You claw the ice statue!
You destroy the ice statue!
Dithmenos accepts your kill.
The ice beast disappears in a puff of smoke!
Your Dodging skill increases to level 9!
You claw the entropy weaver simulacrum!
The entropy weaver simulacrum is moderately damaged.
The glowing shapeshifter simulacrum hits you.
The glowing shapeshifter simulacrum freezes you!!
You mangle the entropy weaver simulacrum!!
Your claw misses the entropy weaver simulacrum.
You bite the entropy weaver simulacrum.
The entropy weaver simulacrum is almost destroyed.
The entropy weaver simulacrum barely misses you.
The entropy weaver simulacrum completely misses you.
The entropy weaver simulacrum barely misses you.
The entropy weaver simulacrum completely misses you.
You scratch the entropy weaver simulacrum but do no damage.
Your claw misses the entropy weaver simulacrum.
The entropy weaver simulacrum is almost destroyed.
The glowing shapeshifter simulacrum closely misses you.
You scratch the entropy weaver simulacrum but do no damage.
The entropy weaver simulacrum is almost destroyed.
The entropy weaver simulacrum hits you!
* * * LOW HITPOINT WARNING * * *
The entropy weaver simulacrum freezes you!!
Ouch! That really hurt!
You die...

#####
##...##
#.....##
#......#
#......#
#ZZ....#
#.@## ##..##
#...##
##...#
#...##.
#....#Z
.....#..#..
..#...##.##.
##..##..#Z.
###


You could see a glowing shapeshifter simulacrum and an entropy weaver
simulacrum.

Vanquished Creatures
  Erolcha (D:10)
  2 two-headed ogres (D:10)
  An ice statue (IceCv)
  Psyche (D:8)
  A troll (D:11)
  Prince Ribbit (D:6)
  A hornet (D:5)
  7 yaks
  3 wraiths
  Grum (D:10)
  5 steam dragons
  2 vampire mosquitoes (D:10)
  2 demonic crawler simulacra (IceCv)
  A black bear (D:4)
  An ugly thing simulacrum (IceCv)
  3 ice beasts
  2 sky beasts
  A necrophage (D:5)
  5 orc warriors
  A hornet zombie (D:5)
  3 wolves (D:10)
  3 ogres
  5 centaurs
  A kobold brigand (D:9)
  Blork the orc (D:4)
  A bullfrog (D:7)
  A gnoll sergeant (D:6)
  A glowing shapeshifter simulacrum (IceCv)
  2 scorpions
  A water moccasin zombie (D:5)
  A wyvern skeleton (D:7)
  8 killer bees
  5 wights (D:8)
  3 centaur zombies
  3 hounds
  2 gnoll shamans
  7 orc priests
  A bullfrog skeleton (D:5)
  3 iguanas
  A centaur skeleton (D:7)
  6 orc wizards
  2 killer bee zombies
  Robin (D:3)
  A howler monkey skeleton (D:7)
  11 gnolls
  10 adders
  12 white imps (D:11)
  2 ufetubi (D:4)
  An adder skeleton (D:5)
  4 worms
  3 dart slugs
  34 orcs
  7 endoplasms
  17 goblins
  9 hobgoblins
  5 ball pythons
  5 bats
  4 frilled lizards
  11 kobolds
  A quokka skeleton (D:4)
  4 rats
245 creatures vanquished.

Vanquished Creatures (others)
  A dancing weapon (D:7)
  2 fungi (D:5)
3 creatures vanquished.

Grand Total: 248 creatures vanquished

Notes
Turn   | Place    | Note
-------+----------+-------------------------------------------
     0 | D:1      | Pemander the Felid Enchanter began the quest for the Orb.
     0 | D:1      | Reached XP level 1. HP: 7/7 MP: 4/4
   280 | D:1      | Found Gibriof's Assorted Antiques.
  1081 | D:2      | Reached XP level 2. HP: 6/11 MP: 6/6
  1225 | D:2      | Learned a level 2 spell: Ensorcelled Hibernation
  1271 | D:3      | Reached skill level 5 in Hexes
  1720 | D:3      | Reached skill level 5 in Stealth
  1720 | D:3      | Reached XP level 3. HP: 14/14 MP: 4/7
  1831 | D:3      | Found a stormy altar of Qazlal.
  1833 | D:3      | Found a faded altar of an unknown god.
  1987 | D:2      | Found Dyocwis's Assorted Antiques.
  2317 | D:3      | Reached XP level 4. HP: 13/18 MP: 3/8
  2799 | D:3      | Noticed Robin
  3165 | D:2      | Reached skill level 6 in Stealth
  4582 | D:3      | Reached XP level 5. HP: 21/21 MP: 9/9
  4690 | D:3      | Killed Robin
  5007 | D:4      | You fall into a shaft and drop 2 floors!
  5019 | D:6      | Noticed an ice beast
  5077 | D:6      | Found a staircase to the Ecumenical Temple.
  5078 | D:6      | Noticed a hornet
  5087 | D:5      | Entered Level 5 of the Dungeon
  5137 | D:5      | Noticed a necrophage
  5171 | D:5      | Killed a necrophage
  5172 | D:5      | Reached skill level 7 in Stealth
  5176 | D:5      | Learned a level 3 spell: Confusing Touch
  5204 | D:5      | Gained mutation: You are covered in thick fur. (AC +2)
                  | [Felid growth]
  5204 | D:5      | Reached XP level 6. HP: 14/24 MP: 6/10
  5287 | D:5      | Found a runed translucent gate.
  5287 | D:5      | Found a runed translucent gate.
  5287 | D:5      | Found a runed translucent gate.
  5287 | D:5      | Noticed GilGalad's ghost (novice HOFi)
  5289 | D:5      | Found a basalt altar of Yredelemnul.
  5306 | D:5      | Reached skill level 8 in Stealth
  5364 | D:5      | Noticed a sky beast
  5503 | D:4      | Noticed Blork the orc
  5525 | D:4      | Killed from afar by Blork the orc
  5526 | D:4      | Reached XP level 5. HP: -1/21 MP: 8/9
  5545 | D:4      | Killed Blork the orc
  5546 | D:4      | Reached XP level 6. HP: 5/24 MP: 7/10
  5783 | D:4      | Reached skill level 9 in Stealth
  6021 | D:4      | Reached skill level 1 in Fighting
  6132 | D:5      | Killed a sky beast
  6133 | D:5      | Reached skill level 5 in Unarmed Combat
  6133 | D:5      | Reached XP level 7. HP: 29/29 MP: 8/11
  6284 | D:5      | Found a hide-covered altar of Uskayaw.
  6497 | D:5      | Killed a hornet
  6526 | D:5      | Noticed a steam dragon
  6527 | D:5      | Noticed a steam dragon
  6532 | D:5      | Killed a steam dragon
  6670 | D:5      | Learned a level 3 spell: Tukima's Dance
  6678 | D:5      | Reached skill level 5 in Dodging
  6678 | D:5      | Reached XP level 8. HP: 34/36 MP: 3/12
  6941 | Temple   | Entered the Ecumenical Temple
  6992 | Temple   | Became a worshipper of Dithmenos the Shadowed
  7016 | D:6      | Noticed Prince Ribbit
  7394 | D:7      | Reached skill level 10 in Stealth
  7528 | D:7      | Reached skill level 11 in Stealth
  7631 | D:7      | Found Raonig's Armour Boutique.
  7727 | D:7      | Found a sparkling altar of Nemelex Xobeh.
  7840 | D:7      | Reached XP level 9. HP: 39/39 MP: 13/16
  7882 | D:7      | Reached skill level 12 in Stealth
  8049 | D:8      | Reached * piety under Dithmenos
  8639 | D:6      | Reached skill level 13 in Stealth
  8907 | D:6      | Found a radiant altar of Vehumet.
  8974 | D:6      | Killed Prince Ribbit
  9192 | D:8      | Reached skill level 14 in Stealth
  9279 | D:8      | Noticed Psyche
  9289 | D:9      | Reached skill level 5 in Fighting
  9297 | D:9      | HP: 2/40 [killer bee (9)]
  9568 | D:9      | Found an opulent altar of Gozag.
  9624 | D:9      | Found a shimmering altar of Xom.
  9797 | D:9      | Reached ** piety under Dithmenos
 10632 | D:8      | Killed Psyche
 10633 | D:8      | Reached XP level 10. HP: 41/45 MP: 10/17
 10702 | D:8      | Learned a level 3 spell: Dazzling Flash
 11078 | D:8      | Found a transporter.
 11097 | D:8      | Found a bloodstained altar of Trog.
 11097 | D:8      | Noticed WaxSun's ghost (novice DESu)
 11097 | D:8      | Noticed a moth of wrath
 11113 | D:8      | Found a transporter.
 11119 | D:8      | Noticed a two-headed ogre
 11605 | D:8      | Found a snail-covered altar of Cheibriados.
 11699 | D:10     | Entered Level 10 of the Dungeon
 11711 | D:10     | Noticed Erolcha
 11718 | D:10     | Found a hazy altar of Hepliaklqana.
 11765 | D:10     | Killed Erolcha
 11885 | D:10     | Reached *** piety under Dithmenos
 11988 | D:10     | Noticed Grum
 12017 | D:10     | Killed Grum
 12083 | D:10     | Noticed a two-headed ogre
 12088 | D:10     | Killed a two-headed ogre
 12089 | D:10     | Reached XP level 11. HP: 48/48 MP: 18/18
 12251 | D:10     | Noticed a two-headed ogre
 12257 | D:10     | Killed a two-headed ogre
 12258 | D:10     | Reached skill level 10 in Unarmed Combat
 12348 | D:10     | Found a staircase to the Orcish Mines.
 12457 | D:11     | Found a frozen archway.
 12511 | D:11     | Killed from afar by a white imp
 12512 | D:11     | Reached XP level 10. HP: -7/46 MP: 3/17
 12674 | IceCv    | Entered an ice cave
 12736 | IceCv    | Slain by an ugly thing simulacrum
 12737 | IceCv    | Reached XP level 9. HP: -3/42 MP: 11/16
 12768 | IceCv    | Noticed an ice statue
 12776 | IceCv    | Killed an ice statue
 12780 | IceCv    | Demolished by an entropy weaver simulacrum

Illustrated notes

Levels and vault maps discovered:
D:1:      evilmike_arrival_plus, layout_rooms, serial_shops, nicolae_shop_stone,
          minmay_tetromino_t4
D:2:      wander_river, layout_basic, serial_shops, nicolae_shop_trees
D:3:      layout_basic, nicolae_overflow_crystal_walls,
          ebering_ecumenical_altar_abandoned, uniq_robin
D:4:      layout_rooms, minmay_misc_feat_rugged, grunt_ministairs_14,
          uniq_blork_the_orc
D:5:      kennysheep_steamy, layout_basic, eat_drink_and_be_merry_uskayaw,
          nicolae_yredelemnul_ghost_church
D:6:      layout_rooms, vehumet_crystals, minmay_temple_entry_offerings,
          uniq_prince_ribbit1
D:7:      layout_basic, lemuel_doored_altar, serial_shops,
          nicolae_shop_temple_entry_statues_fountains
D:8:      layout_loops_ring, cheibrodos_worm_habitat,
          gammafunk_ghost_wrathful_warriors, uniq_psyche
D:9:      layout_basic, overflow_temple_1_default,
          mainiacjoe_overflow_six_doors_small, minivault_11
D:10:     layout_rooms, nicolae_hepliaklqana_hazy_memory, orc_0_dummy,
          uniq_grum, uniq_erolcha
D:11:     layout_gridville, grunt_lair_entry_orc_guard_hut,
          portal_ice_cave_entry_imps, nicolae_ru_sacrificial_ziggurat
Temple:   nicolae_temple_god_jail
IceCv:    ice_cave_hellmonk_azure_passage

Skill      XL: |  1  2  3  4  5  6  7  8  9 10 11 |
---------------+----------------------------------+-----
Hexes          | 5 6 8 |  8.3
Stealth        | 5 6 7 9 11 14 | 14.3
Unarmed Combat | 3 5 9 10 | 10.0
Fighting       | 1 4 6 |  6.5
Dodging        | 5 9 8 |  9.0
Spellcasting   | 4 |  4.0

Action                   |  1- 3 |  4- 6 |  7- 9 | 10-12 || total
-------------------------+-------+-------+-------+-------++-------
Melee: Unarmed           |    50 |   210 |   228 |   197 ||   685
       Bite              |     2 |    19 |    32 |    23 ||    76
       Punch             |       |     7 |     7 |    11 ||    25
 Cast: Ensorcelled Hiber |    17 |    35 |    72 |    10 ||   134
       Confusing Touch   |       |     6 |    20 |    34 ||    60
       Tukima's Dance    |       |       |     6 |       ||     6
       Dazzling Flash    |       |       |       |     8 ||     8
Evoke: Wand              |       |       |     2 |       ||     2
  Use: Scroll            |       |     4 |     6 |     1 ||    11
       Potion            |       |       |     8 |       ||     8
 Stab: Sleeping          |    18 |    34 |    54 |    18 ||   124
       Distracted        |       |     2 |       |       ||     2
       Confused          |       |     6 |    15 |    33 ||    54
       Invisible         |       |       |     1 |     8 ||     9
Armor: Skin              |       |     9 |     9 |     7 ||    25
Dodge: Dodged            |    46 |   155 |   232 |   209 ||   642
